 Dungeon Crawl Stone Soup version 0.18.1-5-g4a78601 (webtiles) character file.

437 inmateoo the Skirmisher (level 6, -2/49 HPs)
             Began as a Mummy Fighter on May 9, 2016.
             Slain by a river rat (3 damage)
             ... on level 4 of the Dungeon.
             The game lasted 00:03:11 (2866 turns).

inmateoo the Skirmisher (Mummy Fighter)             Turns: 2866, Time: 00:03:12

Health: -2/49      AC:  9    Str: 21    XL:     6   Next: 69%
Magic:  6/6        EV:  7    Int:  7    God:
Gold:   186        SH:  9    Dex: 12    Spells: 0 memorised, 5 levels left

rFire  x . .     SeeInvis .     a - +0 long sword
rCold  + . .     Gourm    .     b - +0 scale mail
rNeg   + + +     Faith    .     c - +0 shield
rPois  ∞         Spirit   .     g - +1 helmet
rElec  .         Dismiss  .     (no cloak)
rCorr  +         Reflect  .     (no gloves)
SustAt .         Harm     .     (no boots)
MR     .....                    h - amulet of magic regeneration
Stlth  ..........               (no ring)
                                e - ring of resist corrosion

@: not resistant to hostile enchantments, extremely unstealthy
A: no food or potions, fire vulnerability, cold resistance 1, negative energy
resistance 3, torment resistance, unbreathing
a: no special abilities


You were on level 4 of the Dungeon.
You were not hungry.

You visited 1 branch of the dungeon, and saw 4 of its levels.

You collected 186 gold pieces.

Inventory:

Hand Weapons
 a - a +0 long sword (weapon)
Armour
 b - a +0 scale mail (worn)
 c - a +0 shield (worn)
 g - a +1 helmet (worn)
Jewellery
 d - an uncursed ring of flight
 e - a ring of resist corrosion (left hand)
 h - an amulet of magic regeneration (around neck)
Wands
 k - a wand of digging (2/24)
Scrolls
 f - a scroll of remove curse
 j - 2 scrolls of fog


   Skills:
 + Level 4.4 Fighting
 * Level 4.1 Long Blades
 + Level 3.3 Armour
 + Level 3.3 Shields


You had 5 spell levels left.
You didn't know any spells.

Dungeon Overview and Level Annotations

Branches:
Dungeon (4/15)
 Temple: D:4-7

Altars:
Vehumet
Xom
Zin

Shops:
D:4 *


Innate Abilities, Weirdness & Mutations

You do not eat or drink.
Your flesh is vulnerable to fire.
You are immune to poison.
Your flesh is cold resistant.
You are immune to negative energy.
You are immune to unholy pain and torment.
You can survive without breathing.


Message History

The river rat is almost dead.
The river rat closely misses you.
You closely miss the river rat.
The river rat is almost dead.
The river rat bites you.
* * * LOW HITPOINT WARNING * * *
You block the river rat's attack.
You closely miss the river rat.
The river rat is almost dead.
The river rat bites you.
* * * LOW HITPOINT WARNING * * *
You closely miss the river rat.
The river rat is almost dead.
The river rat bites you.
* * * LOW HITPOINT WARNING * * *
A river rat comes into view.
You barely miss the river rat.
The river rat is almost dead.
The river rat bites you.
You die...

.......##⌠##.#####.#####.#
.....#..###..# #.# #.#
.............# #.#####.#
....####.#.#.# #!#.....#
########.#...# #.##.####
........###.#####.##.##
#######...............####
# ###.#####..........# #r
#@# #.......##.. #.r #r#
###.#######' #.r.#r# #.
#...#. #.r.rr# # #.#.#.
#rrr#%# #.#.#. #rrr#.#
#.#.#. #.r #.# #.#... ###
#.# #.#### ... #.#...


You could see 2 river rats and 2 rats.

Vanquished Creatures
  A howler monkey (D:4)
  A crimson imp (D:3)
  2 orc wizards (D:3)
  Robin (D:4)
  4 gnolls (D:3)
  9 adders
  7 river rats (D:4)
  3 oozes (D:2)
  3 worms (D:2)
  A dart slug (D:3)
  4 giant geckos
  7 orcs (D:3)
  2 ball pythons (D:2)
  A giant cockroach (D:1)
  13 goblins
  5 hobgoblins
  2 jackals (D:2)
  3 quokkas
  9 bats
  5 giant newts
  7 kobolds
  9 rats
99 creatures vanquished.

Notes
Turn   | Place    | Note
--------------------------------------------------------------
     0 | D:1      | inmateoo the Mummy Fighter began the quest for the Orb.
     0 | D:1      | Reached XP level 1. HP: 18/18 MP: 1/1
    87 | D:1      | Reached XP level 2. HP: 22/24 MP: 2/2
   670 | D:2      | Reached XP level 3. HP: 12/29 MP: 3/3
  1053 | D:2      | Reached XP level 4. HP: 24/35 MP: 4/4
  1522 | D:3      | Reached XP level 5. HP: 40/42 MP: 5/5
  1974 | D:3      | Found a radiant altar of Vehumet.
  2271 | D:3      | Reached XP level 6. HP: 48/48 MP: 6/6
  2546 | D:3      | Found a shimmering altar of Xom.
  2680 | D:4      | Noticed Robin
  2694 | D:4      | Killed Robin
  2773 | D:4      | Found Zin's Purification Station.
  2775 | D:4      | Found a glowing silver altar of Zin.
  2865 | D:4      | HP: 1/49 [river rat (2)]
  2866 | D:4      | Slain by a river rat

Skill      XL: |  1  2  3  4  5  6 |
---------------+-------------------+-----
Long Blades    | 2 3 4 |  4.1
Fighting       | 4 |  4.4
Shields        | 3 |  3.3
Armour         | 3 |  3.3

Action                   |  1- 3 |  4- 6 || total
-------------------------+-------+-------++-------
Melee: Long sword        |   147 |   277 ||   424
  Use: Scroll            |       |     6 ||     6
Armor: Scale mail        |   107 |   142 ||   249
Dodge: Dodged            |    61 |    85 ||   146
Block: Shield            |    92 |   135 ||   227
